 Dungeon Crawl Stone Soup version 0.31-a0-435-g2c6fae2916 (webtiles) character file.

Game seed: 189110895791813847

6407 cforsyth the Prestidigitator (level 10, 0/69 HPs)
             Began as a Gnoll Artificer on Aug 1, 2023.
             Was a Follower of Hepliaklqana.
             Slain by a yak (7 damage)
             ... on level 9 of the Dungeon.
             The game lasted 00:34:45 (12158 turns).

cforsyth the Prestidigitator (Gnoll Artificer)     Turns: 12158, Time: 00:34:46

Health: 0/69       AC: 20    Str: 12    XL:     10   Next: 98%
Magic:  0/18       EV:  8    Int: 14    God:    Hepliaklqana [*.....]
Gold:   894        SH:  0    Dex: 13    Spells: 20/20 levels left

rFire   + . .        c - +4 broad axe
rCold   . . .        (no shield)
rNeg    . . .        b - +1 chain mail {rF+}
rPois   +            A - +2 helmet
rElec   .            B - +1 cloak
rCorr   .            T - +2 pair of gloves
SInv    .            (no boots)
Will    .....        I - amulet of guardian spirit
Stlth   +            f - ring of flight
HPRegen 0.31/turn    v - ring of poison resistance
MPRegen 0.16/turn

%: guardian spirit
@: flying
A: reduced essence, fangs 1, strong nose, distributed training
a: Renounce Religion, Recall Ancestor, Ancestor Identity


You were on level 9 of the Dungeon.
You worshipped Hepliaklqana.
Hepliaklqana was aware of your devotion.
You visited 2 branches of the dungeon, and saw 10 of its levels.
You also visited: Bailey.

You collected 1177 gold pieces.
You spent 283 gold pieces at shops.

Inventory:

Hand Weapons
 c - a +4 broad axe (weapon)
 z - a +2 dagger of flaming
 H - a +2 flail of protection
Armour
 b - a +1 chain mail of fire resistance (worn)
 A - a +2 helmet (worn)
 B - a +1 cloak (worn)
 M - the +3 robe of the Stone Wall {Fly rCorr}
   (You found it on level 5 of the Dungeon)

   Fly:       It grants you flight.
   rCorr:     It protects you from acid and corrosion.
 T - a +2 pair of gloves (worn)
Jewellery
 f - a ring of flight (left hand)
 v - a ring of poison resistance (right hand)
 E - a ring of ice
 I - an amulet of guardian spirit (around neck)
 J - a ring of positive energy
 L - a +6 ring of intelligence
Wands
 a - a wand of polymorph (9)
 d - a wand of charming (1)
 e - a wand of roots (2)
 S - a wand of paralysis (5)
Scrolls
 h - 6 scrolls of teleportation
 i - 2 scrolls of torment
 j - a scroll of enchant armour
 m - 2 scrolls of revelation
 q - 2 scrolls of summoning {unknown}
 r - a scroll of amnesia {unknown}
 t - 4 scrolls of vulnerability {unknown}
 x - 2 scrolls of fog {unknown}
 y - 2 scrolls of blinking {unknown}
 D - 4 scrolls of noise {unknown}
 O - a scroll of immolation {unknown}
 R - 3 scrolls of fear {unknown}
Potions
 k - 2 potions of haste
 l - 3 potions of brilliance
 n - a potion of might
 o - a potion of ambrosia
 p - a potion of magic
 u - a potion of invisibility
 C - 3 potions of attraction
 G - 2 potions of curing
 K - a potion of cancellation
 N - 3 potions of mutation
 P - a potion of berserk rage
 Q - a potion of lignification {unknown}


   Skills:
 + Level 6.5 Fighting
 + Level 5.9 Short Blades
 + Level 5.9 Long Blades
 + Level 5.9 Axes
 + Level 5.9 Maces & Flails
 + Level 5.9 Polearms
 + Level 5.9 Staves
 + Level 5.9 Ranged Weapons
 + Level 5.9 Throwing
 + Level 7.5 Armour
 + Level 6.5 Dodging
 + Level 6.4 Stealth
 + Level 5.9 Shields
 + Level 5.9 Unarmed Combat
 + Level 5.9 Spellcasting
 + Level 4.8 Conjurations
 + Level 4.8 Hexes
 + Level 4.8 Summonings
 + Level 4.8 Necromancy
 + Level 4.8 Translocations
 + Level 4.8 Transmutations
 + Level 4.8 Fire Magic
 + Level 4.8 Ice Magic
 + Level 4.8 Air Magic
 + Level 4.8 Earth Magic
 + Level 4.8 Poison Magic
 + Level 6.4 Invocations
 + Level 8.9 Evocations
 + Level 4.8 Shapeshifting


You had 20 spell levels left.
You didn't know any spells.
Your spell library contained the following spells:

 Spells                   Type           Power      Damage    Failure   Level
 Call Canine Familiar     Summ           17%        N/A       71%         3
 Inner Flame              Hex/Fire       17%        N/A       71%         3
 Portal Projectile        Hex/Tloc       34%        N/A       71%         3
 Flame Wave               Conj/Fire      17%        2d7       98%         4
 Leda's Liquefaction      Hex/Erth       8%         N/A       98%         4
 Sticky Flame             Conj/Fire      17%        2d4       98%         4


Dungeon Overview and Level Annotations

Branches:
Dungeon (9/15)             Temple (1/1) D:7            Lair (0/5) D:9
 Bailey (visited)
    Orc: D:9-12

Altars:
Ashenzari
Dithmenos
Fedhas
Gozag
Hepliaklqana
Kikubaaqudgha
Makhleb
Nemelex Xobeh
Okawaru
Qazlal
Ru
Sif Muna
Trog
Uskayaw
Vehumet
Wu Jian
Xom
Yredelemnul
Zin
The Shining One

Shops:
D:1 :   D:2 (   D:5 [   D:8 [(*:

Annotations:
D:8 3 runed translucent doors, Xavori's ghost, novice DjCK


Innate Abilities, Weirdness & Mutations

Your life essence is reduced to manifest your ancestor. (-10% HP)
You have very sharp teeth.
Your uncanny sense of smell can sniff out nearby items.
Your experience applies equally to all skills.


Message History

You are too injured to fight recklessly!
You are too injured to fight recklessly!
You are too injured to fight recklessly!
You are too injured to fight recklessly!
You are too injured to fight recklessly!
You are too injured to fight recklessly!
You are too injured to fight recklessly!
You are too injured to fight recklessly!
You hit the yak.
The yak is lightly wounded.
You hit the yak. You hit the yak but do no damage.
The yak gores you but does no damage. The yak misses you.
The yak gores you but does no damage.
You hit the yak. You bite the yak, but do no damage.
The yak is heavily wounded.
You slash the yak! You hit the yak.
The yak gores you but does no damage. x2
The yak gores you.
You hit the yak.
The yak is heavily wounded.
You slash the yak! You closely miss the yak.
The yak gores you but does no damage. x3; The yak gores you.
The yak completely misses you. The yak gores you but does no damage.
You slash the yak!
The yak is severely wounded.
You barely miss the yak. You hit the yak.
The yak gores you but does no damage. x2
The yak closely misses you.
You hit the yak.
The yak is almost dead.
You hit the yak. You barely miss the yak. The yak gores you but does no damage.
The yak gores you!
* * * LOW HITPOINT WARNING * * *
The yak gores you!
* * * LOW HITPOINT WARNING * * *
You completely miss the yak.
The yak is almost dead.
You slash the yak! You hit the yak. The yak gores you but does no damage.
The yak gores you!
* * * LOW HITPOINT WARNING * * *
The yak gores you but does no damage. The yak gores you!
You die...

#........##...##..
#.........##.##...
#....####..###..##
#....#......#...+. *********
#####....#......#...#.
,,,,,,,,***#........#..........#.
,,,,,,,,*,,+....#+###.....#....#.
,,,,,,,,+,,#....#Y........#....#.
,,,,,,,,*,,#...R@Y.##...###....#.
,,,,,,,,*,,#...$#Y.##...#......#.
,,,******,,#....#'###...#......+.
,,,* *,,,,#>...#.......#......#.
,,,* *,<,,#.[..#.......#......##
,,,* *,,,,#....#.......#....(.#
,,,* **,**#....#..##...#......##
,,** ***,....##..##'###.....(..
,,* *,,,,,#...#........≈≈(≈≈


You could see the friendly Mbali the ancestor and 3 yaks.

Vanquished Creatures
  An orc warlord (Bailey)
  3 orc knights (Bailey)
  2 yaks
  A wyvern (D:7)
  Menkaure (D:7)
  A water moccasin (D:7)
  6 orc warriors
  3 black bears
  An ogre (D:5)
  3 ice beasts
  2 sky beasts
  2 phantoms
  Blork the orc (D:5)
  A kobold brigand (D:9)
  2 scorpions
  2 bullfrogs
  5 wights (D:6)
  A howler monkey (D:5)
  A hound (D:5)
  A jelly (D:4)
  3 orc priests
  2 sleepcaps (D:4)
  Jessica (D:3)
  3 iguanas
  6 orc wizards
  Robin (D:4)
  10 gnolls
  3 adders
  A shadow imp (D:8)
  2 white imps (D:6)
  5 ufetubi
  4 worms
  4 dart slugs
  36 orcs
  7 ball pythons
  7 bats
  9 endoplasms
  2 giant cockroaches
  29 goblins
  15 hobgoblins
  13 kobolds
  3 quokkas
  8 frilled lizards
  6 rats
220 creatures vanquished.

Vanquished Creatures (collateral kills)
  7 orc warriors
  A sky beast (D:8)
  A bullfrog (D:8)
  A hound (D:9)
  3 orc priests (D:9)
  2 orc wizards (D:9)
  16 orcs
  6 goblins
  A hobgoblin (Bailey)
38 creatures vanquished.

Vanquished Creatures (others)
  2 orc warriors
  8 ancestors
  A gnoll (Bailey)
  A goblin (D:4)
  A butterfly (D:8)
13 creatures vanquished.

Grand Total: 271 creatures vanquished

Notes
Turn   | Place    | Note
-------+----------+-------------------------------------------
     0 | D:1      | cforsyth the Gnoll Artificer began the quest for the Orb.
     0 | D:1      | Reached XP level 1. HP: 17/17 MP: 1/1
   136 | D:1      | Reached XP level 2. HP: 9/23 MP: 2/2
   288 | D:1      | Found Wuraxuun's Vocational Training.
   689 | D:1      | You are sucked into a shaft and drop 1 floor!
   706 | D:2      | Reached XP level 3. HP: 28/28 MP: 3/3
   768 | D:2      | Reached skill level 1 in Invocations
   868 | D:2      | Found Wyigur's Weapon Boutique.
   956 | D:2      | Found an iron altar of Okawaru.
  1210 | D:2      | Reached skill level 1 in Short Blades
  1210 | D:2      | Reached skill level 1 in Long Blades
  1210 | D:2      | Reached skill level 1 in Axes
  1210 | D:2      | Reached skill level 1 in Maces & Flails
  1210 | D:2      | Reached skill level 1 in Polearms
  1210 | D:2      | Reached skill level 1 in Staves
  1210 | D:2      | Reached skill level 1 in Ranged Weapons
  1210 | D:2      | Reached skill level 1 in Throwing
  1210 | D:2      | Reached skill level 1 in Shields
  1210 | D:2      | Reached skill level 1 in Unarmed Combat
  1210 | D:2      | Reached skill level 1 in Spellcasting
  1597 | D:3      | Reached XP level 4. HP: 34/34 MP: 5/5
  1714 | D:3      | Reached skill level 1 in Conjurations
  1714 | D:3      | Reached skill level 1 in Hexes
  1714 | D:3      | Reached skill level 1 in Summonings
  1714 | D:3      | Reached skill level 1 in Necromancy
  1714 | D:3      | Reached skill level 1 in Translocations
  1714 | D:3      | Reached skill level 1 in Transmutations
  1714 | D:3      | Reached skill level 1 in Fire Magic
  1714 | D:3      | Reached skill level 1 in Ice Magic
  1714 | D:3      | Reached skill level 1 in Air Magic
  1714 | D:3      | Reached skill level 1 in Earth Magic
  1714 | D:3      | Reached skill level 1 in Poison Magic
  1714 | D:3      | Reached skill level 1 in Shapeshifting
  1900 | D:3      | Noticed Jessica
  1930 | D:3      | Killed Jessica
  1931 | D:3      | Reached XP level 5. HP: 15/40 MP: 5/7
  2041 | D:3      | Noticed a black bear
  2056 | D:3      | HP: 2/40 [black bear (1)]
  2057 | D:3      | Killed a black bear
  2279 | D:3      | Reached XP level 6. HP: 36/47 MP: 8/8
  2413 | D:3      | Found a glowing silver altar of Zin.
  2565 | D:3      | Found an ornate altar of the Wu Jian Council.
  2771 | D:4      | Reached skill level 5 in Armour
  2937 | D:4      | HP: 2/47 [acid (9)]
  3145 | D:4      | Noticed Robin
  3441 | D:4      | Killed Robin
  4179 | D:3      | Reached XP level 7. HP: 43/52 MP: 10/10
  4593 | D:4      | Found a sparkling altar of Nemelex Xobeh.
  4594 | D:4      | Found a radiant altar of Vehumet.
  4626 | D:5      | Entered Level 5 of the Dungeon
  4673 | D:5      | Reached skill level 7 in Evocations
  5281 | D:5      | Found Fiuriqunn's Armour Shoppe.
  5315 | D:5      | Reached XP level 8. HP: 25/60 MP: 12/12
  5704 | D:5      | Identified the +3 robe of the Stone Wall {Fly rCorr}
  5927 | D:6      | Noticed Blork the orc
  6020 | D:5      | Killed Blork the orc
  6391 | D:6      | Found a shadowy altar of Dithmenos.
  6820 | D:6      | Reached XP level 9. HP: 21/66 MP: 3/14
  7112 | D:7      | Reached skill level 5 in Fighting
  7112 | D:7      | Reached skill level 5 in Dodging
  7452 | D:7      | Noticed Menkaure
  7463 | D:7      | Killed Menkaure
  7464 | D:7      | Reached skill level 5 in Stealth
  7623 | D:7      | Found a staircase to the Ecumenical Temple.
  7652 | D:7      | Reached skill level 8 in Evocations
  7666 | Temple   | Entered the Ecumenical Temple
  7773 | Temple   | Became a worshipper of Hepliaklqana the Forgotten
  7850 | D:7      | Found a shimmering altar of Xom.
  7894 | D:7      | Found a shimmering blue altar of Sif Muna.
  8370 | D:8      | Found a runed translucent gate.
  8370 | D:8      | Found a runed translucent gate.
  8372 | D:8      | Found a runed translucent gate.
  8374 | D:8      | Noticed Xavori's ghost (novice DjCK)
  8404 | D:8      | Noticed a lindwurm
  8404 | D:8      | Noticed a lindwurm
  8404 | D:8      | Noticed a lindwurm
  8404 | D:8      | Noticed a lindwurm
  8415 | D:8      | HP: 3/68 [lindwurm/blast of flame (33)]
  9056 | D:8      | Reached skill level 5 in Invocations
  9135 | D:8      | Reached * piety under Hepliaklqana
  9145 | D:8      | Found Lymimom's General Store.
  9153 | D:8      | Bought a scroll of teleportation for 36 gold pieces
  9336 | D:8      | Found Koseurua's Book Boutique.
  9841 | D:8      | Found Humie's Armour Shoppe.
  9848 | D:8      | Bought a +2 pair of gloves for 247 gold pieces
  9898 | D:8      | Found Emeygegg's Weapon Boutique.
 10385 | D:9      | Noticed Maggie
 10399 | D:9      | Reached XP level 10. HP: 33/62 MP: 10/17
 10411 | D:9      | Maggie changed into Maggie the hound
 10411 | D:9      | Noticed Maggie
 10415 | D:9      | Killed Maggie the hound
 10434 | D:9      | Found a glowing golden altar of the Shining One.
 10443 | D:9      | Reached skill level 5 in Short Blades
 10443 | D:9      | Reached skill level 5 in Long Blades
 10443 | D:9      | Reached skill level 5 in Axes
 10443 | D:9      | Reached skill level 5 in Maces & Flails
 10443 | D:9      | Reached skill level 5 in Polearms
 10443 | D:9      | Reached skill level 5 in Staves
 10443 | D:9      | Reached skill level 5 in Ranged Weapons
 10443 | D:9      | Reached skill level 5 in Throwing
 10443 | D:9      | Reached skill level 5 in Shields
 10443 | D:9      | Reached skill level 5 in Unarmed Combat
 10443 | D:9      | Reached skill level 5 in Spellcasting
 10472 | D:9      | Found a flagged portal.
 10487 | Bailey   | Entered a bailey
 10684 | Bailey   | Noticed an orc knight
 10716 | Bailey   | Killed an orc knight
 10889 | Bailey   | Noticed an orc knight
 10912 | Bailey   | Killed an orc knight
 10962 | Bailey   | Noticed an orc knight
 10981 | Bailey   | Killed an orc knight
 11284 | Bailey   | Noticed an orc warlord
 11312 | Bailey   | Killed an orc warlord
 11537 | Bailey   | Acquired 493 gold pieces
 11621 | D:9      | Found a staircase to the Lair.
 12158 | D:9      | Slain by a yak

Illustrated notes

Levels and vault maps discovered:
D:1:      spicycebolla_arrival_xxxplode, layout_basic, nicolae_shop_vocational
D:2:      layout_loops_ring, serial_shops, shop, basic_altar
D:3:      layout_rooms, nicolae_wu_jian_glorious_leap,
          nicolae_overflow_crystal_walls, uniq_jessica
D:4:      kennysheep_six_static_rooms, layout_cave_pools,
          gammafunk_temple_overflow_statue, kennysheep_minor_cross, uniq_robin
D:5:      layout_gridville, serial_shops, nicolae_shop_hallway_plus
D:6:      layout_rooms, kennysheep_mini_moat, uniq_blork_the_orc
D:7:      layout_loops_ring, nicolae_sif_muna_little_library,
          mainiacjoe_overflow_chevrons, minmay_temple_entry_junction_2,
          serial_co_window_serial, co_window_paths_a, co_window_paths_a,
          co_window_of_opportunity_a, co_window_paths_a, co_window_corner_a,
          co_window_2corner, co_window_of_opportunity_b,
          co_window_unsneaky_path_a, co_window_of_opportunity_c,
          co_window_corner_b, co_window_paths_e, glass_columns_b,
          glass_columns_b, uniq_menkaure
D:8:      layout_basic, nicolae_elyvilon_peaceful_grove, serial_shops, shop,
          nicolae_shop_rolled_up, nicolae_stop_n_shop_1, nicolae_shop_peninsula,
          nicolae_inconvenience_store, special_room [special_room_orc],
          biasface_ghost_orc_armoury, minmay_lindwurm_lava
D:9:      layout_gridville, tso_metal_star, lair_entry_dummy, enter_bailey_5,
          uniq_maggie
Temple:   chequers_temple_sunken

Skill      XL: |  1  2  3  4  5  6  7  8  9 10 |
---------------+-------------------------------+-----
Invocations    | 1 2 3 4 5 6 |  6.4
Short Blades   | 1 2 3 4 5 |  5.9
Long Blades    | 1 2 3 4 5 |  5.9
Axes           | 1 2 3 4 5 |  5.9
Maces & Flails | 1 2 3 4 5 |  5.9
Polearms       | 1 2 3 4 5 |  5.9
Staves         | 1 2 3 4 5 |  5.9
Ranged Weapons | 1 2 3 4 5 |  5.9
Throwing       | 1 2 3 4 5 |  5.9
Shields        | 1 2 3 4 5 |  5.9
Unarmed Combat | 1 2 3 4 5 |  5.9
Spellcasting   | 1 2 3 4 5 |  5.9
Conjurations   | 1 2 3 4 |  4.8
Hexes          | 1 2 3 4 |  4.8
Summonings     | 1 2 3 4 |  4.8
Necromancy     | 1 2 3 4 |  4.8
Translocations | 1 2 3 4 |  4.8
Transmutations | 1 2 3 4 |  4.8
Fire Magic     | 1 2 3 4 |  4.8
Ice Magic      | 1 2 3 4 |  4.8
Air Magic      | 1 2 3 4 |  4.8
Earth Magic    | 1 2 3 4 |  4.8
Poison Magic   | 1 2 3 4 |  4.8
Shapeshifting  | 1 2 3 4 |  4.8
Fighting       | 3 4 5 6 |  6.5
Dodging        | 3 4 5 6 |  6.5
Stealth        | 3 4 5 6 |  6.4
Armour         | 5 6 7 |  7.5
Evocations     | 7 8 |  8.9

Action                     |  1- 3 |  4- 6 |  7- 9 | 10-12 || total
---------------------------+-------+-------+-------+-------++-------
  Melee: Club              |   186 |    86 |       |       ||   272
         Bite              |    20 |    28 |    63 |    22 ||   133
         Punch             |     3 |     7 |    22 |     4 ||    36
         Long sword        |       |   107 |       |       ||   107
         Dagger            |       |    88 |    95 |       ||   183
         Flail             |       |       |   455 |   139 ||   594
         Broad axe         |       |       |       |    32 ||    32
  Evoke: Wand              |     1 |    10 |    20 |    21 ||    52
    Use: Scroll            |       |       |    14 |     1 ||    15
         Potion            |       |       |       |     1 ||     1
   Stab: Sleeping          |     6 |       |       |       ||     6
         Distracted        |       |       |     1 |     1 ||     2
         Paralysed         |       |       |       |    10 ||    10
 Armour: Leather armour    |    57 |       |       |       ||    57
         Chain mail        |     9 |   260 |   520 |   164 ||   953
  Dodge: Dodged            |   138 |   149 |   257 |    92 ||   636

Table legend: (Time is in decaauts)
 A = Elapsed time spent in this place.
 B = Non-inter-level travel time spent in this place.
 C = Inter-level travel time spent in this place.
 D = Time resting spent in this place.
 E = Time spent auto-exploring this place.
 F = Levels seen in this place.
 G = Mean time per level.
                   A        B        C        D        E       F      G
               +--------+--------+--------+--------+--------+-----+--------+
         Total |  12366 |  12068 |    298 |   1870 |   6782 |  11 | 1124.2 |
       Dungeon |  11165 |  10885 |    280 |   1577 |   6325 |   9 | 1240.6 |
        Temple |    125 |    107 |     18 |      0 |     87 |   1 |  125.0 |
        Bailey |   1075 |   1075 |      0 |    293 |    370 |   1 | 1075.0 |
               +--------+--------+--------+--------+--------+-----+--------+

Top non-repeatable levels by time:
     D:3: 1754 daAuts
     D:7: 1712 daAuts
     D:8: 1627 daAuts
     D:5: 1250 daAuts
     D:4: 1250 daAuts
     D:6: 1080 daAuts
  Bailey: 1075 daAuts
     D:2: 1015 daAuts
     D:9: 763 daAuts
     D:1: 711 daAuts
  Temple: 125 daAuts
